Map: Undercurrent LE

Players

Ekelpack

  • Race: Zerg Zerg
  • Spawn Location: 7:00

Nyck

  • Race: Terran Terran
  • Spawn Location: 7:00

NoHai

  • Race: Zerg Zerg
  • League: Master
  • Spawn Location: 3:00

icoman

  • Race: Zerg Zerg
  • League: Diamond
  • Spawn Location: 1:00

VOD

Have the link to the VOD?

Description

Time

  • Played on: April 18, 2025, 4:03 p.m.
  • Length: 17:44
Show
View Real Time Build Order
Export as new Build Order

Ekelpack Zerg 

Build Orders: Hatch First 

Get SALT Encoding   

  12  0:00  Drone  
  13  0:12  Overlord  
  13  0:16  Drone  
  14  0:30  Drone x2  
  14  0:34  Drone  
  17  0:52  Hatchery  
  17  0:53  Drone  
  17  0:57  Extractor  
  17  0:59  Drone  
  17  1:13  Spawning Pool  
  17  1:18  Drone  
  17  1:19  Drone  
  18  1:28  Drone  
  19  1:38  Drone  
  20  2:02  Queen  
  20  2:03  Metabolic Boost  
  20  2:06  Drone, Queen  
  25  2:09  Drone  
  25  2:14  Overlord  
  26  2:19  Drone  
  26  2:20  Drone  
  28  2:34  Drone x3  
  31  2:38  Drone  
  31  2:41  Lair  
  32  2:48  Drone  
  33  2:51  Extractor  
  33  2:55  Extractor, Drone  
  33  2:56  Drone  
  33  3:01  Drone  
  33  3:04  Drone  
  35  3:08  Overlord  
  35  3:17  Drone  
  36  3:31  Zergling x6  
  39  3:34  Drone x3  
  42  3:44  Spire  
  42  3:46  Drone  
  42  3:47  Drone  
  43  3:50  Zergling x2  
  43  3:54  Extractor  
  43  4:03  Overlord  
  43  4:05  Drone  
  44  4:22  Zergling x16  
  44  4:23  Overlord  
  52  4:24  Overlord  
  52  4:42  Overlord x2  
  52  4:45  Drone x2  
  51  5:01  Mutalisk  
  51  5:02  Mutalisk x6  
  65  5:07  Zerg Flyer Weapons Level 1  
  65  5:15  Overseer  
  65  5:19  Queen  
  65  5:21  Hatchery  
  66  5:38  Overlord  
  66  5:39  Overlord  
  66  5:42  Drone x2  
  68  6:16  Mutalisk x7  
  81  6:18  Zergling x2  
  81  6:19  Zergling x6  
  73  7:14  Queen  
  75  7:17  Drone x4  
  75  7:18  Drone x8  
  87  7:31  Drone x3  
  87  7:33  Extractor  
  87  7:34  Extractor  
  88  7:47  Zergling x2  
  88  7:48  Zergling x16  
  86  8:28  Queen  
  81  8:38  Queen  
  81  8:39  Queen  
  75  8:51  Zergling x32  
  75  8:52  Zergling x2  
  92  9:04  Zergling x6  
  91  9:15  Zergling x2  
  91  9:16  Zergling x4  
  82  9:27  Hydralisk Den  
  81  9:54  Evolution Chamber  
  81  9:55  Evolution Chamber  
  81  9:58  Grooved Spines  
  81  9:59  Hydralisk x10  
  81  10:00  Hydralisk x2  
  86  10:39  Drone x12  
  98  10:44  Zerg Missile Weapons Level 1  
  98  10:45  Zerg Ground Armor Level 1  
  98  10:48  Muscular Augments  
  98  11:26  Drone x2  
  98  11:27  Drone  
  98  11:31  Extractor  
  100  11:41  Hydralisk  
  100  11:42  Hydralisk  
  104  11:51  Overlord x3  
  104  11:52  Overlord  
  104  12:11  Hydralisk x10  
  104  12:12  Hydralisk x9  
  133  12:33  Overlord x4  
  133  12:41  Zerg Ground Armor Level 2, Zerg Missile Weapons Level 2  
  133  13:07  Overlord x3  
  133  13:08  Zergling x4, Overlord  
  133  13:09  Zergling x10  
  140  13:20  Hydralisk  
  140  13:21  Hydralisk x4  
  129  13:48  Hatchery  
  128  13:50  Hydralisk  
  128  13:51  Hydralisk x9  
  132  14:43  Infestation Pit  
  77  14:56  Hydralisk  
  77  14:57  Hydralisk x18  
  85  15:22  Hydralisk  
  85  15:23  Hydralisk x7  
  91  15:57  Hydralisk x6  
  91  15:58  Hydralisk x4  
  99  16:15  Drone  
  100  16:26  Queen  
  94  16:36  Drone  
  94  16:37  Drone x3  
Show
View Real Time Build Order
Export as new Build Order

Nyck Terran 

Build Orders:  

Get SALT Encoding   

  12  0:00  SCV  
  13  0:12  SCV  
  14  0:18  Supply Depot  
  14  0:25  SCV  
  15  0:39  SCV  
  16  0:43  Barracks  
  16  0:50  Refinery  
  16  0:51  SCV  
  17  1:03  SCV  
  18  1:09  Barracks  
  18  1:20  SCV  
  19  1:32  SCV  
  20  1:40  Supply Depot  
  20  1:47  Orbital Command  
  20  1:59  Reaper  
  21  2:06  Refinery  
  21  2:29  SCV  
  22  2:31  Command Center  
  22  2:41  SCV  
  22  2:42  Reaper x2  
  24  2:48  Command Center  
  24  2:53  SCV  
  25  3:07  Factory  
  25  3:15  Barracks Tech Lab x2  
  24  3:41  SCV  
  25  3:42  Marauder  
  25  3:43  Marauder  
  29  3:49  Supply Depot  
  29  3:53  SCV, Starport  
  30  3:59  Factory Reactor  
  30  4:10  Orbital Command  
  30  4:16  Marine x2  
  30  4:17  Combat Shield  
  32  4:41  Marine x2  
  32  4:44  Orbital Command  
  34  4:45  SCV x2  
  34  5:05  SCV  
  34  5:06  SCV  
  37  5:16  Refinery  
  37  5:17  SCV  
  37  5:23  Marauder  
  37  5:24  Marauder  
  41  5:31  Supply Depot  
  41  5:33  Factory Tech Lab  
  41  5:39  Stimpack  
  41  5:40  Concussive Shells  
  41  5:43  SCV x2  
  43  5:50  Refinery  
  43  5:54  Siege Tank  
  43  5:55  SCV x2  
  48  5:57  Supply Depot  
  40  6:18  SCV x2  
  34  6:30  SCV x2  
  26  6:39  Marauder  
  19  6:40  Marauder  
  19  6:42  Siege Tank  
  19  6:45  Liberator x2  
  28  6:47  SCV  
  28  6:49  SCV  
  28  6:59  SCV  
  27  7:01  SCV  
  28  7:08  Orbital Command  
  28  7:11  SCV  
  28  7:14  SCV  
  30  7:18  Marauder  
  32  7:25  Hellion  
  34  7:33  SCV  
  35  7:38  SCV  
  35  7:42  SCV  
  37  7:45  SCV  
  37  7:50  SCV  
  39  7:58  Cyclone  
  39  8:00  Liberator  
  39  8:04  SCV x3  
  48  8:05  Marine  
  48  8:06  Marine  
  50  8:16  SCV x2  
  50  8:17  Refinery, SCV  
  50  8:19  Refinery  
  51  8:49  Liberator  
  54  8:56  SCV x3  
  54  9:03  Marauder  
  54  9:04  Marauder  
  54  9:08  SCV x2  
  50  9:23  SCV x2  
  47  9:30  Command Center  
  47  9:31  Command Center  
  47  9:38  SCV  
  47  9:39  SCV  
  49  9:46  Viking  
  49  9:50  SCV  
  49  9:51  SCV  
  53  10:08  SCV x2  
  52  10:39  SCV x2  
  52  10:41  Marauder x2  
  58  10:44  Hellion  
  58  10:45  Orbital Command  
  58  10:46  Orbital Command  
  60  10:50  Factory  
  60  10:54  Factory  
  60  10:56  SCV x2  
  62  11:06  Refinery  
  62  11:11  SCV x2  
  64  11:27  SCV x2  
  64  11:28  Marauder x2  
  70  11:35  Viking x2  
  70  11:37  Factory  
  74  11:40  Orbital Command  
  74  12:00  Factory Reactor  
  74  12:01  Infernal Pre-Igniter  
  74  12:03  Factory Reactor  
  60  12:18  Hellion  
  62  12:32  SCV x2  
  62  12:34  Marauder x2  
  68  12:38  Factory Reactor  
  68  12:39  Hellion  
  70  12:44  SCV x2  
  72  12:55  Hellion x4  
  72  12:56  SCV x2  
  82  13:00  Hellion  
  82  13:05  Armory  
  84  13:06  Armory  
  84  13:08  SCV  
  84  13:11  Refinery  
  85  13:18  Supply Depot  
  85  13:19  Supply Depot  
  85  13:30  SCV x3, Viking x2, Hellion  
  85  13:31  Hellion x3  
  100  13:42  SCV x2, Supply Depot  
  100  13:43  SCV, Supply Depot  
  103  13:56  Hellion x5  
  103  14:00  Viking x2  
  103  14:01  SCV x3  
  120  14:06  Terran Vehicle And Ship Armor Level 1, Supply Depot  
  120  14:08  Terran Vehicle Weapons Level 1  
  116  14:22  SCV x3  
  116  14:23  Marauder  
  116  14:24  Hellion x3, Marauder  
  125  14:25  Hellion x2  
  133  14:36  Refinery  
  123  14:46  Hellion  
  97  15:09  Hellion x4  
  97  15:10  Hellion  
  97  15:12  Liberator x2  
  71  15:47  Hellion x4  
  71  15:48  Hellion  
  71  15:49  Marauder x2  
  85  15:55  Liberator x2  
  81  16:09  SCV x2  
  75  16:24  Marauder x2  
  75  16:25  Hellion x3  
  72  16:26  Hellion x2  
  74  16:38  Liberator  
  59  16:56  Marauder  
Show
View Real Time Build Order
Export as new Build Order

NoHai Zerg 

Build Orders: Hatch First 

Get SALT Encoding   

  12  0:01  Drone  
  13  0:09  Drone  
  14  0:20  Overlord  
  14  0:22  Extractor  
  14  0:23  Drone  
  14  0:29  Extractor  
  14  0:30  Drone  
  16  0:40  Drone  
  17  1:01  Drone x2  
  19  1:08  Hatchery  
  18  1:14  Spawning Pool  
  18  1:15  Extractor  
  16  1:26  Drone  
  16  1:27  Drone  
  19  1:32  Drone  
  19  1:43  Drone  
  20  1:49  Drone  
  21  2:00  Overlord  
  21  2:18  Queen  
  21  2:19  Zergling x2  
  21  2:21  Zergling x4  
  26  2:25  Metabolic Boost  
  26  2:29  Queen  
  28  2:32  Drone  
  28  2:33  Drone  
  31  2:44  Drone x2  
  32  2:54  Drone  
  32  2:55  Drone  
  34  3:04  Drone x2  
  36  3:09  Extractor  
  35  3:14  Overlord  
  35  3:15  Drone  
  34  3:27  Zergling x4  
  35  3:41  Drone x4  
  37  3:43  Lair  
  39  3:49  Zergling x2  
  39  3:50  Zergling x6  
  43  4:00  Spore Crawler  
  42  4:03  Spore Crawler  
  42  4:07  Drone  
  42  4:08  Drone x2  
  43  4:26  Drone  
  43  4:27  Overlord x2  
  46  4:45  Drone x3  
  46  4:47  Extractor, Drone  
  46  4:48  Drone x2  
  46  4:49  Extractor  
  48  4:55  Spire  
  48  4:59  Zergling x6  
  46  5:04  Spine Crawler  
  46  5:06  Spine Crawler  
  43  5:07  Spine Crawler  
  43  5:08  Spine Crawler  
  43  5:09  Queen  
  43  5:10  Spine Crawler x2  
  41  5:19  Zergling x10  
  46  5:25  Baneling Nest  
  45  5:29  Overlord  
  45  5:46  Drone x6  
  51  6:07  Overlord x3  
  51  6:08  Overlord x4  
  51  6:26  Corruptor x3  
  57  6:46  Mutalisk  
  57  6:47  Mutalisk x2  
  57  6:51  Hatchery  
  62  6:56  Baneling x2  
  62  6:57  Baneling x5  
  62  7:08  Corruptor x3  
  68  7:18  Drone x4  
  72  7:27  Corruptor  
  74  7:30  Zergling x6  
  74  7:31  Drone  
  78  7:45  Centrifugal Hooks  
  78  7:46  Zergling x8  
  78  8:06  Corruptor x4  
  88  8:12  Drone x2  
  88  8:13  Drone  
  89  8:32  Drone x3  
  89  8:33  Drone x4  
  96  8:36  Extractor  
  96  8:37  Extractor  
  96  8:40  Baneling  
  96  8:41  Baneling x7  
  94  8:42  Baneling  
  94  8:46  Zergling x10  
  96  9:23  Zergling x8  
  96  9:24  Zergling x14  
  100  9:25  Zergling x2  
  100  9:41  Hatchery  
  100  9:42  Infestation Pit  
  98  9:49  Drone x3  
  98  9:50  Drone x3  
  104  10:04  Queen  
  104  10:05  Spore Crawler x2  
  104  10:44  Drone x2  
  104  10:45  Drone x4  
  110  11:06  Overlord  
  110  11:07  Extractor, Overlord x2  
  109  11:14  Hive  
  109  12:27  Ultralisk Cavern  
  109  12:28  Overlord x2  
  109  12:29  Overlord x2  
  108  12:37  Extractor  
  108  12:42  Drone x3  
  108  12:43  Drone x4  
  114  12:46  Hatchery  
  113  13:00  Viper  
  113  13:01  Viper  
  90  13:46  Ultralisk  
  90  13:47  Ultralisk x14  
  180  13:51  Overlord x3  
  180  14:21  Ultralisk  
  180  14:22  Ultralisk x2  
  198  14:29  Chitinous Plating  
  150  14:53  Zergling x2  
  150  14:54  Zergling x26  
  150  14:55  Zergling x18  
  121  15:17  Ultralisk  
  121  15:18  Ultralisk x7  
  169  15:34  Ultralisk x2  
  181  15:47  Zergling x2, Anabolic Synthesis  
  181  15:48  Zergling x20  
  160  16:09  Drone  
  160  16:10  Drone x8  
  148  16:22  Zergling x2  
  148  16:23  Zergling x22  
  129  17:20  Mutalisk  
  140  17:42  Extractor x2  
Show
View Real Time Build Order
Export as new Build Order

icoman Zerg 

Build Orders: Hatch First 

Get SALT Encoding   

  12  0:04  Drone  
  13  0:13  Overlord  
  13  0:23  Extractor, Drone  
  13  0:26  Drone  
  15  0:33  Drone  
  16  0:50  Hatchery  
  16  0:55  Drone  
  16  0:56  Drone  
  17  0:59  Extractor  
  17  1:00  Drone  
  17  1:18  Spawning Pool  
  16  1:22  Drone  
  16  1:24  Drone  
  18  1:40  Drone  
  18  1:41  Drone  
  20  2:01  Overlord  
  20  2:11  Zergling x2  
  20  2:12  Drone  
  20  2:15  Extractor, Drone x2  
  22  2:17  Queen  
  25  2:27  Zergling x2  
  26  2:41  Lair  
  26  2:43  Drone x3  
  29  2:46  Drone  
  29  2:47  Drone  
  31  2:59  Metabolic Boost  
  31  3:00  Drone x2  
  33  3:06  Drone  
  33  3:08  Evolution Chamber, Drone  
  32  3:34  Zergling x4  
  32  3:35  Drone  
  32  3:38  Zerg Missile Weapons Level 1  
  35  3:42  Hydralisk Den  
  35  3:48  Extractor, Drone x2  
  35  3:49  Drone  
  36  3:59  Nydus Network  
  36  4:02  Overlord  
  35  4:06  Overlord  
  35  4:18  Drone  
  35  4:19  Overlord x2  
  35  4:20  Drone x4  
  35  4:21  Grooved Spines  
  40  4:26  Queen  
  42  4:39  Drone x3  
  45  4:53  Zergling x6  
  46  5:00  Drone, Hydralisk x2  
  46  5:03  Hydralisk  
  53  5:11  Muscular Augments  
  53  5:12  Hydralisk x4  
  61  5:21  Hydralisk x2  
  61  5:25  Overlord  
  65  5:33  Hydralisk  
  67  5:45  Hydralisk, Nydus Canal  
  67  5:48  Zergling x10  
  70  6:23  Overlord x3  
  70  6:24  Overlord  
  56  6:37  Hydralisk x3  
  57  6:44  Spore Crawler  
  57  6:45  Hydralisk x2  
  56  6:47  Spore Crawler  
  56  6:53  Hydralisk  
  55  6:57  Hydralisk  
  55  6:58  Spore Crawler  
  55  7:00  Drone  
  56  7:09  Hydralisk  
  56  7:11  Hydralisk  
  56  7:14  Hydralisk x3  
  66  7:16  Spore Crawler  
  66  7:17  Hydralisk  
  67  7:23  Overseer  
  67  7:27  Hydralisk  
  67  7:28  Hydralisk x2  
  73  7:30  Drone x2  
  73  7:35  Extractor  
  74  7:39  Hatchery  
  74  7:41  Hydralisk  
  74  7:42  Hydralisk  
  77  7:45  Spore Crawler  
  76  7:54  Hydralisk x2  
  76  7:56  Zergling x4  
  82  8:00  Nydus Canal  
  82  8:17  Nydus Canal  
  72  8:35  Nydus Canal  
  66  8:49  Nydus Canal  
  66  8:54  Overseer, Hydralisk x4  
  72  8:56  Drone x9  
  72  8:57  Drone, Queen  
  70  9:19  Hydralisk x5  
  70  9:24  Hydralisk  
  70  9:28  Drone  
  70  9:29  Drone x2  
  75  9:34  Hydralisk x2  
  79  9:42  Hatchery  
  78  9:53  Nydus Canal  
  78  9:59  Drone  
  80  10:00  Drone  
  80  10:17  Overseer  
  78  10:29  Nydus Canal  
  78  10:33  Drone x6  
  84  10:36  Extractor  
  84  10:37  Extractor  
  84  10:38  Spore Crawler  
  84  10:41  Hydralisk x4  
  89  10:43  Overlord  
  89  10:44  Overlord x3  
  89  10:45  Zergling x2  
  90  10:53  Evolution Chamber  
  90  10:56  Evolution Chamber  
  88  10:58  Nydus Canal  
  88  11:06  Hydralisk x12  
  88  11:09  Drone x2, Queen  
  116  11:16  Drone x5  
  121  11:21  Drone  
  122  11:28  Nydus Canal  
  122  11:48  Nydus Canal  
  109  12:19  Nydus Canal  
  107  12:28  Zerg Ground Armor Level 1  
  107  12:29  Zerg Missile Weapons Level 2  
  107  12:31  Nydus Network  
  107  12:32  Overlord  
  107  12:33  Overlord x2  
  106  12:43  Nydus Canal  
  106  12:58  Overseer x2  
  107  13:05  Drone x3  
  107  13:06  Infestation Pit  
  107  13:12  Drone x3  
  111  13:16  Spore Crawler  
  111  13:18  Extractor  
  109  13:24  Nydus Canal  
  109  13:26  Zergling x38  
  128  13:32  Spine Crawler  
  128  13:34  Spore Crawler, Spine Crawler  
  126  13:35  Hydralisk  
  95  14:04  Drone  
  95  14:05  Drone x4  
  86  14:19  Hydralisk x14  
  113  14:29  Pneumatized Carapace  
  113  14:31  Hive  
  113  14:34  Burrow  
  113  14:39  Drone x3  
  113  14:40  Drone  
  113  14:43  Drone x6  
  113  14:44  Extractor  
  122  14:48  Hatchery  
  121  14:56  Nydus Canal  
  121  15:08  Zergling x8  
  121  15:09  Zergling x6  
  121  15:13  Zerg Melee Weapons Level 1, Zerg Ground Armor Level 2  
  103  15:39  Hydralisk x8  
  117  15:47  Spine Crawler  
  116  16:00  Nydus Canal  
  116  16:07  Nydus Canal  
  116  16:08  Hydralisk x7  
  117  16:36  Hydralisk x7  
  113  16:53  Nydus Canal  
  111  16:59  Nydus Canal  
  111  17:05  Drone  
  111  17:06  Drone x6, Hydralisk x7  
  132  17:12  Nydus Canal  
Tags
 
Add a new tag
Caveats
  • Supply blocks, unpowered buildings, or Contaminate may cause inaccurate times.
  • Supply counts are checked every 10 seconds.